AoeStats
← Alphonse

Black Forest

510456892Analyzed
3v3 RM · 9h ago on Oct 1, 2026· 57m 24s· 6 players
Game mode
Random Map
Map size
Normal (6 player)
Population
200
Speed
Normal
Resources
Standard
Victory
Conquest
Starting age
Dark Age
Ending age
Imperial Age
RankedLock teamsTeams togetherTeam positionsShared explorationLock speedFull tech treeHidden civsTurbo modeCheats
Victory
Defeat
🇵🇪 Khmer · Peru
915
+14
🇵🇪 Persians · Peru
915
+14
🇵🇪 Mongols · Peru
901
+14
🇦🇷 Spanish · Argentina
866
-38
🇦🇷 Mongols · Argentina
866
-38
🇦🇷 Teutons · Argentina
866
-38
jsu
10:11 Feudal Age
12:11 Double-Bit Axe
12:14 Horse Collar
14:56 Wheelbarrow
18:52 Fletching
21:58 Castle Age
20:03 Gold Mining
20:52 Stone Mining
23:06 Bow Saw
22:48 Crossbowman
24:05 Town Watch
24:35 Bodkin Arrow
31:03 Ballistics
31:52 Hand Cart
33:15 Heavy Plow
35:25 Gold Shaft Mining
35:29 Stone Shaft Mining
36:42 Town Patrol
40:22 Imperial Age
41:03 Caravan
41:28 Conscription
41:52 Parthian Tactics
41:37 Heavy Cavalry Archer
45:15 Chemistry
44:31 Masonry
44:24 Murder Holes
44:41 Fortified Wall
44:47 Bloodlines
44:39 Husbandry
45:29 Bracer
45:30 Padded Archer Armor
45:52 Elite Mangudai
46:54 Thumb Ring
49:28 Hoardings
50:59 Pikeman
51:39 Squires
52:31 Nomads
Alphonse
13:25 Feudal Age
14:04 Man-at-Arms
14:39 Arson
21:51 Stone Mining
23:44 Double-Bit Axe
27:38 Castle Age
27:01 Gold Mining
27:56 Bloodlines
28:32 Forging
33:37 Bow Saw
35:59 Scale Barding Armor
38:48 Chain Barding Armor
39:05 Iron Casting
40:50 Wheelbarrow
40:06 Horse Collar
46:21 Imperial Age
45:58 Scale Mail Armor
47:01 Chain Mail Armor
47:50 Stone Shaft Mining
47:01 Elite Teutonic Knight
51:41 Blast Furnace
51:12 Plate Mail Armor
Cacho12346098
10:27 Feudal Age
12:22 Double-Bit Axe
13:00 Arson
14:13 Man-at-Arms
14:50 Horse Collar
18:25 Wheelbarrow
25:04 Castle Age
24:23 Gold Mining
25:54 Stone Mining
26:29 Squires
26:51 Bow Saw
29:00 Husbandry
29:10 Bloodlines
32:34 Heavy Plow
35:18 Imperial Age
35:10 Hand Cart
36:35 Stone Shaft Mining
38:27 Two-Man Saw
39:08 Scale Barding Armor
38:44 Onager
44:32 Elite Conquistador
46:17 Chain Barding Armor
51:30 Cavalier
53:23 Forging
53:48 Plate Barding Armor
53:11 Paladin
55:48 Iron Casting
LEONIDAS
0:33 Loom
14:41 Feudal Age
17:18 Double-Bit Axe
17:14 Horse Collar
24:58 Castle Age
22:53 Stone Mining
22:55 Gold Mining
26:53 Bow Saw
27:39 Heavy Plow
35:26 Imperial Age
34:47 Wheelbarrow
36:04 Hand Cart
38:01 Chemistry
38:57 Husbandry
39:08 Bloodlines
39:09 Scale Barding Armor
39:15 Forging
40:23 Two-Man Saw
39:37 Caravan
43:20 Gold Shaft Mining
43:21 Stone Shaft Mining
43:38 Padded Archer Armor
44:14 Iron Casting
44:00 Chain Barding Armor
43:31 Fletching
46:15 Heavy Scorpion
49:58 Plate Barding Armor
50:24 Blast Furnace
49:33 Elite War Elephant
50:33 Conscription
52:27 Town Watch
53:10 Leather Archer Armor
57:32 Town Patrol
58:03 Crop Rotation
57:41 Scale Mail Armor
58:12 Ring Archer Armor
ethan_winters
1:03 Loom
12:13 Feudal Age
23:34 Castle Age
25:40 Double-Bit Axe
25:49 Stone Mining
25:51 Gold Mining
30:36 Fortified Wall
30:37 Masonry
33:59 Imperial Age
32:59 Bow Saw
32:32 Horse Collar
34:13 Stone Shaft Mining
35:59 Wheelbarrow
37:03 Gold Shaft Mining
37:54 Hand Cart
37:24 Town Watch
39:19 Town Patrol
41:00 Forging
40:55 Scale Barding Armor
40:51 Padded Archer Armor
40:41 Fletching
41:54 Ballistics
42:35 Chemistry
41:38 Husbandry
41:49 Bloodlines
42:45 Parthian Tactics
42:26 Thumb Ring
43:00 Light Cavalry
44:03 Hussar
44:07 Elite Mangudai
45:10 Conscription
45:28 Iron Casting
45:11 Heavy Plow
45:22 Caravan
47:40 Blast Furnace
47:01 Chain Barding Armor
46:57 Leather Archer Armor
46:38 Bodkin Arrow
47:33 Coinage
53:30 Bracer
53:21 Heavy Camel Rider
Jared
0:56 Loom
11:06 Feudal Age
16:36 Castle Age
25:35 Double-Bit Axe
25:32 Horse Collar
27:18 Heavy Plow
27:38 Bow Saw
33:13 Gold Mining
33:13 Stone Mining
36:08 Imperial Age
33:24 Town Watch
34:14 Wheelbarrow
34:29 Town Patrol
35:32 Forging
35:27 Scale Barding Armor
35:24 Caravan
36:17 Fortified Wall
36:27 Ballistics
36:03 Murder Holes
36:19 Masonry
36:53 Bloodlines
36:43 Husbandry
37:47 Iron Casting
37:33 Chain Barding Armor
37:36 Hand Cart
38:07 Crop Rotation
37:28 Elite Battle Elephant
39:42 Blast Furnace
39:51 Chemistry
39:52 Conscription
39:33 Double Crossbow
39:33 Tusk Swords
38:53 Elite Ballista Elephant
40:22 Plate Barding Armor
43:15 Architecture
42:50 Siege Engineers
43:24 Gold Shaft Mining
43:24 Stone Shaft Mining
43:43 Hoardings
45:13 Scale Mail Armor
45:04 Fletching
45:06 Guard Tower
46:51 Chain Mail Armor
46:31 Bodkin Arrow
48:12 Bracer
Connection lost

Rejoining the realm…

Still unreachable

The connection could not be restored.

Session expired

The server has moved on; the page needs a fresh start.